 Dungeon Crawl Stone Soup version 0.20.1-1-g8b1a95d (webtiles) character file.

254 Marthos the Grave Robber (level 5, -6/42 HPs)
             Began as a Deep Dwarf Necromancer on Dec 6, 2017.
             Was an Initiate of Sif Muna.
             Mangled by homeworkjunkie's ghost (11 damage)
             ... on level 4 of the Dungeon.
             The game lasted 00:10:38 (3411 turns).

Marthos the Grave Robber (Deep Dwarf Necromancer)   Turns: 3411, Time: 00:10:38

Health: -6/42      AC:  6    Str: 11    XL:     5   Next: 90%
Magic:  10/10      EV: 12    Int: 17    God:    Sif Muna [......]
Gold:   159        SH:  0    Dex: 13    Spells: 7/11 levels left

rFire    . . .     SeeInvis .   n - +2 short sword (flame)
rCold    . . .     Gourm    .   (no shield)
rNeg     . . .     Faith    .   a - +0 robe
rPois    .         Spirit   .   (no helmet)
rElec    .         Reflect  .   g - +2 cloak
rCorr    .         Harm     .   d - +0 pair of gloves
MR       .....                  (no boots)
Stlth    ++........             (no amulet)
Regen    0.0/turn               r - ring of flight
MPRegen  0.2/turn               (no ring)

@: non-regenerating
A: damage resistance, heal wounds, sense surroundings 1, no regeneration
a: Heal Wounds, Renounce Religion, Evoke Flight


You were on level 4 of the Dungeon.
You worshipped Sif Muna.
Sif Muna was noncommittal.
You were hungry.

You visited 1 branch of the dungeon, and saw 4 of its levels.

You collected 159 gold pieces.

Inventory:

Hand Weapons
 n - a +2 short sword of flaming (weapon)
Armour
 a - a +0 robe (worn)
 d - a +0 pair of gloves (worn)
 g - a +2 cloak (worn)
Jewellery
 r - a ring of flight (left hand)
Wands
 l - a wand of random effects (36/48)
Scrolls
 e - a scroll of blinking
 f - 2 scrolls of enchant weapon
Potions
 k - 2 potions of curing
 m - a potion of agility
 q - a potion of heal wounds
Books
 b - a book of Necromancy

   Spells                             Type                      Level
   a - Pain                           Necromancy                   1
   b - Animate Skeleton               Necromancy                   1
   c - Vampiric Draining              Necromancy                   3
   d - Regeneration                   Charms/Necromancy            3
   e - Animate Dead                   Necromancy                   4
   f - Control Undead                 Necromancy                   4
Comestibles
 c - 3 bread rations
 j - a meat ration
 o - a royal jelly


   Skills:
 - Level 2.1 Dodging
 - Level 2.4 Stealth
 * Level 3.9 Spellcasting
 * Level 6.3 Necromancy


You had 7 spell levels left.
You knew the following spells:

 Your Spells              Type           Power        Failure   Level  Hunger
a - Pain                  Necr           ###.         1%          1    None
b - Vampiric Draining     Necr           ###.......   3%          3    ###....


Dungeon Overview and Level Annotations

Branches:
Dungeon (4/15)
 Temple: D:4-7

Altars:
Ashenzari
Gozag
Sif Muna
The Shining One

Annotations:
D:3 Blork the orc; Grinder; Marthos's ghost, amateur DrCj
D:4 Dowan; Duvessa; homeworkjunkie's ghost, amateur HOFi


Innate Abilities, Weirdness & Mutations

You are resistant to damage.
You can heal yourself by infusing magical energy.
You passively map a small area around you.
You do not regenerate.


Message History

You climb downwards.
A worker ant, a sky beast, Duvessa, Dowan, a player ghost and 2 giant lizards come into view.
The iguana hisses angrily.
Found a scroll of teleportation and a bread ration.
Found an escape hatch in the floor.
Found a stone staircase leading up and a stone staircase leading down.
There is a stone staircase leading up here.
Duvessa shouts!
Dowan shouts!
The leopard gecko hisses angrily.
Duvessa barely misses you.
You climb upwards.
Level annotation: Blork the orc; Grinder; Marthos's ghost, amateur DrCj
There is a stone staircase leading down here.
Grinder blinks!
Found a stone staircase leading down.
There is a stone staircase leading down here.
You climb downwards.
Level annotation: Dowan; Duvessa; homeworkjunkie's ghost, amateur HOFi Homeworkjunkie's ghost closely misses you.
Homeworkjunkie's ghost hits you!
You die...

#. #.# #. *..*
#.####.##### ,
.%.........
#..........
##..>.......
#...e....... *
#ll.a..a..
#@WY.....a ,
#...e..... ,
** .....?....
* ...........
* , ,
............ ,
*#.....#>.####
* , *
####..#.## ,
#..#.# * * *


You could see Duvessa, a sky beast, Dowan, an iguana, 2 worker ants,
homeworkjunkie's ghost and a leopard gecko.

Vanquished Creatures
  Jessica (D:3)
  An orc wizard (D:3)
  Natasha (thrice) (D:2)
  6 adders
  A worm (D:2)
  2 dart slugs
  9 orcs
  A ball python (D:3)
  6 bats
  3 giant cockroaches
  7 hobgoblins
  8 jackals
  4 kobolds
  A quokka (D:2)
  4 frilled lizards
  6 goblins
  3 rats
66 creatures vanquished.

Notes
Turn   | Place    | Note
-------+----------+-------------------------------------------
     0 | D:1      | Marthos the Deep Dwarf Necromancer began the quest for the Orb.
     0 | D:1      | Reached XP level 1. HP: 15/15 MP: 3/3
   364 | D:1      | Reached XP level 2. HP: 8/22 MP: 3/5
  1001 | D:2      | Found a glowing golden altar of the Shining One.
  1145 | D:2      | Noticed Natasha
  1149 | D:2      | Killed Natasha
  1149 | D:2      | Reached skill level 5 in Necromancy
  1149 | D:2      | Reached XP level 3. HP: 27/28 MP: 1/6
  1200 | D:1      | Learned a level 3 spell: Vampiric Draining
  1202 | D:2      | Noticed Natasha
  1295 | D:2      | Killed Natasha
  1295 | D:2      | Reached XP level 4. HP: 34/36 MP: 1/8
  1393 | D:2      | Found a shattered altar of Ashenzari.
  1443 | D:2      | Noticed Natasha
  1446 | D:2      | Killed Natasha
  2052 | D:3      | Reached XP level 5. HP: 35/42 MP: 4/9
  2068 | D:3      | Noticed Marthos's ghost (amateur DrCj)
  2444 | D:3      | Reached skill level 6 in Necromancy
  2874 | D:3      | Noticed Jessica
  2876 | D:3      | Noticed Grinder
  2888 | D:3      | Killed Jessica
  2964 | D:3      | Paralysed by Grinder for 6 turns
  3075 | D:3      | Found an opulent altar of Gozag.
  3217 | D:3      | Noticed Blork the orc
  3234 | D:3      | Found a deep blue altar of Sif Muna.
  3242 | D:3      | Became a worshipper of Sif Muna the Loreminder
  3377 | D:4      | Noticed Duvessa
  3377 | D:4      | Noticed Dowan
  3377 | D:4      | Noticed a sky beast
  3377 | D:4      | Noticed homeworkjunkie's ghost (amateur HOFi)
  3411 | D:4      | Mangled by homeworkjunkie's ghost

Skill      XL: |  1  2  3  4  5 |
---------------+----------------+-----
Spellcasting   | 2 3 |  3.9
Necromancy     | 5 6 |  6.3
Dodging        | |  2.1
Stealth        | |  2.4

Action                   |  1- 3 |  4- 6 || total
-------------------------+-------+-------++-------
Melee: Unarmed           |    40 |       ||    40
       Dagger            |     2 |       ||     2
       Spear             |     1 |       ||     1
       Short sword       |       |    11 ||    11
 Cast: Pain              |    42 |    90 ||   132
       Vampiric Draining |       |    10 ||    10
  Use: Scroll            |     1 |     6 ||     7
       Potion            |     1 |     2 ||     3
  Eat: Chunk             |     1 |     3 ||     4
       Bread ration      |       |     1 ||     1
Armor: Robe              |    17 |    14 ||    31
Dodge: Dodged            |    37 |    36 ||    73
